 Dungeon Crawl Stone Soup version 0.16-a0-4092-gb8933cd (webtiles) character file.

10687 Ololoev the Destroyer (level 11, -2/68 HPs)
             Began as a Formicid Venom Mage on Feb 24, 2015.
             Was a High Priest of Vehumet.
             Slain by catsarecewl's ghost (28 damage)
             ... on level 2 of the Orcish Mines.
             The game lasted 01:09:16 (14717 turns).

Ololoev the Destroyer (Formicid Venom Mage)        Turns: 14717, Time: 01:09:16

Health: -2/68      AC: 11    Str: 13    XL:     11   Next: 97%
Magic:  0/38       EV: 11    Int: 18    God:    Vehumet [*****.]
Gold:   737        SH:  0    Dex: 11    Spells: 5 memorised, 13 levels left

rFire  + . .     SeeInvis +     e - +3 falchion (elec)
rCold  + + .     Clarity  .     u - +3 leather armour
rNeg   . . .     SustAb   .     (no shield)
rPois  .         Gourm    .     (helmet unavailable)
rElec  .         Spirit   +     (no cloak)
rCorr  .         Warding  .     (no gloves)
rMut   .         Stasis   +     n - +1 pair of boots
MR     +....                    f - amulet "Phoptasm" {Spirit rF+ rC++} (curse)
Stlth  ++........               y - +3 ring of protection
                                v - ring of magical power

@: somewhat resistant to hostile enchantments, unstealthy
A: permanent stasis, dig shafts and tunnels, four strong arms, antennae 3
a: Dig, Shaft Self, Renounce Religion


You were on level 2 of the Orcish Mines.
You worshipped Vehumet.
Vehumet was extremely pleased with you.
You were hungry.

You visited 3 branches of the dungeon, and saw 13 of its levels.
You visited the Abyss 1 time.

You collected 737 gold pieces.

Notes
Turn   | Place    | Note
--------------------------------------------------------------
     0 | D:1      | Ololoev, the Formicid Venom Mage, began the quest for the Orb.
     0 | D:1      | Reached XP level 1. HP: 13/13 MP: 3/3
   296 | D:1      | Reached XP level 2. HP: 16/19 MP: 0/5
   715 | D:1      | Reached skill level 1 in Conjurations
   898 | D:1      | Reached XP level 3. HP: 20/24 MP: 4/7
   903 | D:1      | Learned a level 3 spell: Mephitic Cloud
  1137 | D:2      | Reached skill level 6 in Poison Magic
  1483 | D:2      | Reached XP level 4. HP: 30/30 MP: 6/8
  2215 | D:3      | Reached XP level 5. HP: 35/35 MP: 4/11
  2851 | D:3      | Found a shimmering altar of Xom.
  3005 | D:4      | Noticed an ogre
  3017 | D:4      | Killed an ogre
  3017 | D:4      | Reached skill level 7 in Poison Magic
  3017 | D:4      | Reached XP level 6. HP: 17/41 MP: 6/12
  3241 | D:4      | Noticed Menkaure
  3537 | D:3      | Reached XP level 7. HP: 46/46 MP: 10/14
  3685 | D:4      | Noticed an ogre
  3716 | D:4      | Reached skill level 5 in Conjurations
  3794 | D:4      | Killed Menkaure
  3794 | D:4      | Reached skill level 8 in Poison Magic
  3814 | D:4      | Killed an ogre
  4069 | D:4      | Reached XP level 8. HP: 50/52 MP: 10/16
  4484 | D:5      | Entered Level 5 of the Dungeon
  4556 | D:5      | Noticed Natasha
  4611 | D:5      | Killed Natasha
  4615 | D:5      | Got a twitching garnet amulet
  4618 | D:5      | Identified the amulet "Phoptasm" {Spirit rF+ rC++} (You found it on level 5 of the Dungeon)
  4786 | D:5      | Noticed Natasha
  4800 | D:4      | Killed Natasha
  4867 | D:4      | Reached skill level 9 in Poison Magic
  4875 | D:4      | Learned a level 5 spell: Venom Bolt
  5021 | D:5      | Found an opulent altar of Gozag.
  5640 | D:5      | Reached XP level 9. HP: 39/57 MP: 14/18
  5837 | D:5      | Found a glowing golden altar of the Shining One.
  5837 | D:5      | Found a sparkling altar of Nemelex Xobeh.
  6304 | D:6      | Reached skill level 10 in Poison Magic
  6314 | D:6      | Found a staircase to the Ecumenical Temple.
  6318 | Temple   | Entered the Ecumenical Temple
  6334 | Temple   | Became a worshipper of Vehumet
  7045 | D:6      | Acquired Vehumet's first power
  7045 | D:6      | Offered knowledge of Magic Dart by Vehumet.
  7175 | D:6      | Reached skill level 5 in Spellcasting
  7797 | D:7      | You fall through a shaft!
  7797 | D:8      | Found a blossoming altar of Fedhas.
  8040 | D:7      | Found a white marble altar of Elyvilon.
  8042 | D:7      | Noticed Eustachio
  8049 | D:7      | Killed Eustachio
  8140 | D:7      | Reached XP level 10. HP: 61/63 MP: 25/25
  8531 | D:8      | Found a stormy altar of Qazlal.
  8620 | D:8      | Found a shadowy altar of Dithmenos.
  8634 | D:8      | Found a staircase to the Lair.
  8652 | D:8      | Offered knowledge of Throw Frost by Vehumet.
  8769 | D:8      | Noticed Joseph
  8775 | D:8      | Killed Joseph
  9368 | D:8      | Offered knowledge of Conjure Flame by Vehumet.
  9671 | D:8      | Found a deep blue altar of Sif Muna.
  9679 | D:8      | Found a burning altar of Makhleb.
  9683 | D:8      | Found a sacrificial altar of Ru.
  9684 | D:8      | Found a snail-covered altar of Cheibriados.
  9799 | D:9      | Acquired Vehumet's second power
  9861 | D:9      | Offered knowledge of Throw Icicle by Vehumet.
  9875 | D:9      | Found a staircase to the Orcish Mines.
  9876 | D:9      | Found a roughly hewn altar of Beogh.
 10301 | D:4      | Noticed Natasha
 10303 | D:4      | Killed Natasha
 10641 | D:9      | Reached skill level 10 in Conjurations
 10642 | D:9      | Reached XP level 11. HP: 58/68 MP: 14/29
 11000 | D:9      | Found a basalt altar of Yredelemnul.
 11043 | D:9      | Acquired Vehumet's third power
 11073 | D:9      | Reached skill level 11 in Conjurations
 11363 | D:9      | Offered knowledge of Static Discharge by Vehumet.
 11968 | D:10     | Entered Level 10 of the Dungeon
 12025 | D:10     | Noticed an unseen horror
 12032 | D:10     | Killed an unseen horror
 12092 | D:10     | Noticed a hill giant
 12104 | D:10     | Killed a hill giant
 12104 | D:10     | Reached skill level 12 in Conjurations
 12560 | D:10     | HP: 3/68 [vampire mosquito (2)]
 12568 | D:10     | HP: 2/68 [vampire mosquito (1)]
 12886 | D:9      | Learned a level 4 spell: Olgreb's Toxic Radiance
 12889 | D:9      | Learned a level 2 spell: Cure Poison
 12946 | Orc:1    | Entered Level 1 of the Orcish Mines
 13521 | Orc:1    | Cast into the Abyss (orc warrior)
 13543 | Abyss:1  | Noticed a death drake
 13570 | Orc:1    | Escaped the Abyss
 13697 | Orc:1    | Offered knowledge of Conjure Ball Lightning by Vehumet.
 14576 | Orc:2    | Noticed catsarecewl's ghost (powerful OgBe)
 14717 | Orc:2    | Slain by catsarecewl's ghost

Inventory:

Hand weapons
 e - a +3 falchion of electrocution (weapon)
Armour
 n - a +1 pair of boots (worn)
 u - a +3 leather armour (worn)
Jewellery
 f - the cursed amulet "Phoptasm" (around neck) {Spirit rF+ rC++}
   (You found it on level 5 of the Dungeon)

   [amulet of guardian spirit]

   It causes incoming damage to be split between your health and magic.
   It protects you from fire.
   It greatly protects you from cold.
   It has a curse placed upon it.
 v - a ring of magical power (left hand)
 y - a +3 ring of protection (right hand)
Magical devices
 i - a wand of confusion (16)
 p - a wand of slowing (1)
 x - a wand of fire (12)
Scrolls
 l - a scroll of fog
Potions
 o - 5 potions of restore abilities
Books
 b - a Young Poisoner's Handbook

   Spells                             Type                      Level
   a - Sting                          Conjuration/Poison           1
   b - Cure Poison                    Poison                       2
   c - Mephitic Cloud                 Conjuration/Poison/Air       3
   d - Olgreb's Toxic Radiance        Poison                       4
   e - Venom Bolt                     Conjuration/Poison           5
Comestibles
 c - 8 bread rations
 h - a meat ration
 k - 9 slices of pizza
 m - 14 fruits

Table legend:
 A = Turns spent in this place as a percentage of turns spent in the entire game.
 B = Non-inter-level travel turns spent in this place as a percentage of non-inter-level travel turns spent in the entire game.
 C = Inter-level travel turns spent in this place as a percentage of turns spent in this place.
 D = Turns resting spent in this place as a percentage of non-inter-level travel turns spent in this place.
 E = Turns spent auto-exploring this place as a percentage of non-inter-level travel turns spent in this place.
 F = Non-inter-level travel turns spent in this place divided by the number of levels of this place that you've seen.
                   A       B       C       D       E      F
               +-------+-------+-------+-------+-------+----------------------
         Total | 100.0 | 100.0 |   0.7 |   6.4 |   8.6 | 309.6
       Dungeon |  85.5 |  85.5 |   0.8 |   6.6 |   8.6 | 370.5
        Temple |   0.4 |   0.4 |   5.3 |   0.0 |   0.0 |  18.0
  Orcish Mines |  13.0 |  13.0 |   0.4 |   5.7 |   9.2 | 282.5
         Abyss |   1.1 |   1.1 |   0.0 |   0.0 |   0.0 |  46.0
               +-------+-------+-------+-------+-------+----------------------


   Skills:
 - Level 1.7 Dodging
 - Level 2.4 Stealth
 - Level 9.0 Spellcasting
 + Level 12.9 Conjurations
 - Level 10.0 Poison Magic


You had 13 spell levels left.
You knew the following spells:

 Your Spells              Type           Power        Failure   Level  Hunger
a - Sting                 Conj/Pois      ####         1%          1    None
b - Mephitic Cloud        Conj/Pois/Air  #####...     1%          3    None
c - Venom Bolt            Conj/Pois      #####.....   1%          5    #####..
d - Olgreb's Toxic Radia  Pois           #####...     1%          4    ###....
e - Cure Poison           Pois           #####.....   1%          2    None


Dungeon Overview and Level Annotations

Branches:
Dungeon (10/15)            Temple (1/1) D:6            Lair (0/8) D:8
    Orc (2/4) D:9

Altars:
Cheibriados
Dithmenos
Elyvilon
Fedhas
Gozag
Kikubaaqudgha
Makhleb
Nemelex Xobeh
Qazlal
Ru
Sif Muna
Trog
Vehumet
Xom
Yredelemnul
The Shining One
Beogh

Annotations:
Orc:2 catsarecewl's ghost, powerful OgBe


Innate Abilities, Weirdness & Mutations

You are under a permanent stasis effect.
You can dig through walls and to a lower floor.
Your four strong arms can wield two-handed weapons with a shield.
You have a pair of large antennae on your head (SInv).


Message History

a tomahawk; a robe; a dagger
Things that are here:
a chain mail; a scimitar
Things that are here:
a chain mail; a long sword
Things that are here:
a hand axe; a scale mail; a short sword You see here a falchion.
Items here: )) รทรท a whip; a club; an orc skeleton; an orc skeleton Catsarecewl's ghost turns its malevolent gaze towards you.
Catsarecewl's ghost is too close now for your liking.
Drink which item? (? for menu, Esc to quit)
Okay, then.
Read which item? (? for menu, Esc to quit)
Okay, then.
You are feeling hungry.
Things that are here:
a plate armour; a flail
There is a stone staircase leading up here.
Casting: Sting
Confirm with . or Enter, or press ? or * to list all spells.
You can't see any susceptible monsters within range! (Use Z to cast anyway.)
Casting: Sting
Confirm with . or Enter, or press ? or * to list all spells.
Aiming: Venom Bolt
Press: ? - help, Shift-Dir - straight line, f - catsarecewl's ghost
Aim: catsarecewl's ghost, wielding a vorpal weapon The bolt of poison misses catsarecewl's ghost.
Casting: Venom Bolt
Confirm with . or Enter, or press ? or * to list all spells.
Okay, then.
You barely miss catsarecewl's ghost. Catsarecewl's ghost hits you!!
Catsarecewl's ghost hits you but does no damage.
You closely miss catsarecewl's ghost. Catsarecewl's ghost closely misses you.
You miss catsarecewl's ghost. Catsarecewl's ghost misses you.
You hit catsarecewl's ghost.
There is a sudden explosion of sparks!
Catsarecewl's ghost is lightly damaged.
Catsarecewl's ghost hits you!! Catsarecewl's ghost hits you!!!
You die...

.....##.#[.)#####
.#...........)#
...........))[##
........#....#.##
.......#........##
...............#.##
....#..............#
...........#....#.#...
...........@.....#....
..#..#....W.......#..
..#.....)[.........#.##
....[..................
........[....>.........
.......................
....[........$.......
.............#.......
.....................


You could see catsarecewl's ghost.

Table legend:
 A = Kills in this place as a percentage of kills in entire the game.
 B = Kills by you in this place as a percentage of kills by you in the entire game.
 C = Kills by friends in this place as a percentage of kills by friends in the entire game.
 D = Other kills in this place as a percentage of other kills in the entire game.
 E = Experience gained in this place as a percentage of experience gained in the entire game.
 F = Experience gained in this place divided by the number of levels of this place that you have seen.
                   A       B       C       D       E      F
               +-------+-------+-------+-------+-------+----------------------
         Total | 100.0 | 100.0 |  -nan | 100.0 | 100.0 | 1090.6
       Dungeon |  79.5 |  79.2 |  -nan | 100.0 |  83.5 | 1274.6
  Orcish Mines |  20.5 |  20.8 |  -nan |   0.0 |  16.5 | 1261.0
               +-------+-------+-------+-------+-------+----------------------

Vanquished Creatures
  An unseen horror (D:10)
  A hill giant (D:10)
  Joseph (D:8)
  A two-headed ogre (D:10)
  A vampire mosquito (D:10)
  3 wraiths (D:9)
  Eustachio (D:7)
  6 yaks (D:9)
  A deep elf fighter (D:8)
  2 wargs
  Menkaure (D:4)
  5 ice beasts
  13 orc warriors
  2 black bears
  9 ogres
  3 centaurs
  A phantom (D:5)
  A sky beast (D:7)
  3 elf zombies (D:9)
  A big kobold (D:7)
  8 giant frogs
  A water moccasin zombie (D:5)
  8 scorpions
  A water moccasin skeleton (D:10)
  5 wights
  7 killer bees
  A goliath beetle (D:7)
  4 hounds
  A giant frog zombie (D:6)
  3 human zombies (D:9)
  A quasit (D:9)
  4 jellies
  27 orc wizards
  14 orc priests
  Natasha (thrice) (D:5 D:4)
  5 worker ants
  2 iguanas
  A hound zombie (D:7)
  2 mummies (D:9)
  3 hound skeletons
  A worker ant zombie (D:10)
  15 gnolls
  5 adders
  3 river rats (D:8)
  5 shadow imps
  A giant mite (D:5)
  2 worms
  An adder zombie (D:9)
  3 giant geckos
  2 oozes
  108 orcs
  14 bats
  3 giant cockroaches
  26 goblins
  20 hobgoblins
  6 jackals
  19 kobolds
  3 quokkas
  2 ball pythons
  3 giant newts
  A hobgoblin zombie (D:5)
  A jackal skeleton (D:4)
  A kobold zombie (D:10)
  2 quokka zombies
  20 rats
  A ballistomycete (D:6)
  A plant (D:8)
427 creatures vanquished.

Vanquished Creatures (others)
  A giant spore (D:6)
  3 fungi (D:8)
4 creatures vanquished.

Grand Total: 431 creatures vanquished

Action                   |  1- 3 |  4- 6 |  7- 9 | 10-12 || total
-------------------------+-------+-------+-------+-------++-------
Melee: Unarmed           |    15 |       |       |       ||    15
       Dagger            |     4 |       |       |       ||     4
       Short sword       |    59 |    48 |   175 |       ||   282
       Falchion          |       |       |    21 |   358 ||   379
 Cast: Sting             |    50 |    83 |   227 |   146 ||   506
       Mephitic Cloud    |       |     3 |    17 |    22 ||    42
       Venom Bolt        |       |       |     6 |    32 ||    38
       Olgreb's Toxic Ra |       |       |       |    19 ||    19
       Cure Poison       |       |       |       |    11 ||    11
 Abil: Dig               |       |     2 |       |     5 ||     7
Evoke: Wand              |       |       |     8 |     1 ||     9
  Use: Scroll            |       |       |    14 |    11 ||    25
       Potion            |       |       |       |    10 ||    10
 Stab: Sleeping          |     1 |       |       |     4 ||     5
       Confused          |       |       |     3 |     2 ||     5
       Invisible         |       |       |       |     2 ||     2
  Eat: Chunk             |     3 |     6 |    16 |    25 ||    50
       Beef jerky        |       |     1 |       |       ||     1
       Bread ration      |       |       |     1 |       ||     1
       Meat ration       |       |       |       |     2 ||     2

Vault maps used:
D:1:      dpeg_arrival_tiny_a
D:2:      kennysheep_the_goblin_king
D:3:      overflow_temple_1_default, first_bread
D:4:      uniq_menkaure
D:5:      amethyst_overflow_temple_binary,
          nicolae_gozag_cash_rules_everything_around_me, uniq_natasha
D:6:      minmay_temple_entry_glassed_door
D:7:      elyvilon_altar_5, uniq_eustachio
D:8:      lemuel_crystal_altar, minitemple, due_lair_maze_entry_diamond,
          grunt_pizzeria, uniq_joseph
D:9:      lemuel_mausoleum_altar_yredelemnul, david_orc_5
D:10:     fedhas_altar_3
Temple:   circular_temple_6
